[Event "ICCopen2016"]
[Site "Internet Chess Club"]
[Date "2016.06.04"]
[Round "6"]
[White "gmgattass"]
[Black "vanboy"]
[Result "1-0"]
[ICCResult "Black forfeits on time"]
[WhiteElo "2238"]
[BlackElo "2404"]
[Opening "Sicilian: Hungarian variation"]
[ECO "B27"]
[NIC "SI.43"]
[Time "14:58:21"]
[TimeControl "180+0"]

1. e4 c5 2. Nf3 g6 3. d4 Bg7 4. Nc3 Qa5 5. Be3 Nf6 6. Qd2 cxd4 7. Nxd4 Nc6
8. f3 d6 9. Bc4 Nxd4 10. Bxd4 O-O 11. O-O-O Be6 12. Bb3 Bxb3 13. cxb3 Rfc8
14. Kb1 Qa6 15. Rhe1 Rc6 16. Bxf6 Bxf6 17. Nd5 Rac8 18. Nb4 Qb6 19. Nxc6
bxc6 20. Rc1 a5 21. Rc4 Rb8 22. f4 d5 23. Ra4 dxe4 24. Qe3 Qc7 25. Qxe4 Rd8
26. Rc1 Rd2 27. Rxc6 Rxb2+ 28. Kc1 Qd7 29. Rc2 Rxc2+ 30. Kxc2 Qg4 31. Rc4
Qh4 32. Qf3 Qxh2 33. Rc8+ Kg7 34. Kd3 Qg1 35. Qe2 Qb1+ 36. Ke3 Qg1+ 37. Kf3
h5 38. Rc2 Qd4 39. Qe4 Qd1+ 40. Re2 Qf1+ 41. Rf2 Qd1+ 42. Qe2 Qd6 43. Qe3
Qd7 44. Qe4 {Black forfeits on time} 1-0

[Event "ICCopen2016"]
[Site "Internet Chess Club"]
[Date "2016.06.04"]
[Round "6"]
[White "d13gocr"]
[Black "VisualEYES"]
[Result "0-1"]
[ICCResult "White forfeits on time"]
[WhiteElo "1763"]
[BlackElo "2035"]
[Opening "Philidor: Improved Hanham variation"]
[ECO "B07"]
[NIC "PU.08"]
[Time "14:58:22"]
[TimeControl "180+0"]

1. e4 d6 2. d4 Nf6 3. Nc3 e5 4. Nf3 Nbd7 5. Bc4 Be7 6. Bxf7+ Kxf7 7. Ng5+
Kg8 8. Ne6 Qe8 9. Nxc7 Qg6 10. O-O Rb8 11. dxe5 dxe5 12. N3d5 Bf8 13. c3
Qxe4 14. Qb3 Nxd5 15. Nxd5 Kf7 16. Nc7+ Kg6 17. Qe6+ Nf6 18. Qb3 Bc5 19. Bd2
Qc6 20. Nb5 Be6 21. c4 Rhd8 22. Be3 a6 23. Na3 b5 24. cxb5 axb5 25. Qc3 b4
26. Qxc5 Qxc5 27. Bxc5 bxa3 28. Bxa3 Nd5 29. Rfe1 Kf6 30. b3 Rbc8 31. Bb2
Nc3 32. Rac1 Rd3 33. Re3 Rxe3 34. fxe3 Ne2+ 35. Kf2 Nxc1 36. g3 Nd3+ 37. Ke2
Nxb2 38. Kf3 g5 39. g4 Rc2 40. h3 Rd2 41. a4 Bd5+ 42. e4 Rd3+ 43. Ke2 Bxe4
44. a5 Rxb3 45. a6 Rxh3 46. a7 Rg3 {White forfeits on time} 0-1

[Event "ICCopen2016"]
[Site "Internet Chess Club"]
[Date "2016.06.04"]
[Round "6"]
[White "kabindra"]
[Black "hgarjur"]
[Result "0-1"]
[ICCResult "White forfeits on time"]
[WhiteElo "1630"]
[BlackElo "1908"]
[Opening "Sicilian: Smith-Morra gambit"]
[ECO "B21"]
[NIC "SI.48"]
[Time "14:58:28"]
[TimeControl "180+0"]

1. e4 c5 2. d4 cxd4 3. c3 d5 4. exd5 Qxd5 5. cxd4 Nf6 6. Nc3 Qd8 7. h3 e6 8.
Nf3 Be7 9. Bb5+ Nbd7 10. O-O a6 11. Ba4 O-O 12. Bc2 b5 13. a3 Bb7 14. Qd3 g6
15. Bh6 Re8 16. Rad1 Nb6 17. Qe3 Nfd5 18. Nxd5 Nxd5 19. Qe2 Bf6 20. Ne5 Bg7
21. Bc1 Rc8 22. Bb1 Qd6 23. Rfe1 Nb6 24. Qg4 Bd5 25. h4 Nc4 26. Nxc4 Bxc4
27. h5 Bd5 28. hxg6 hxg6 29. Rd3 Bb7 30. Rh3 Qxd4 31. Bf4 e5 32. Bxg6 Qxf4
33. Bh7+ Kf8 34. Qh5 e4 35. Rg3 e3 36. fxe3 Rxe3 37. Rexe3 Rc1+ 38. Kh2 Qf1
39. Rxg7 Qh1+ 40. Kg3 Qxg2+ 41. Kf4 Qxg7 42. Qc5+ Rxc5 43. Be4 Bxe4
{White forfeits on time}
0-1

[Event "ICCopen2016"]
[Site "Internet Chess Club"]
[Date "2016.06.04"]
[Round "6"]
[White "Chaos23"]
[Black "Desideratum"]
[Result "1-0"]
[ICCResult "Black forfeits on time"]
[WhiteElo "1929"]
[BlackElo "1639"]
[Opening "Scandinavian defense"]
[ECO "B01"]
[NIC "SD.03"]
[Time "14:58:08"]
[TimeControl "180+0"]

1. e4 d5 2. exd5 Nf6 3. d4 Bg4 4. Be2 Bxe2 5. Qxe2 Qxd5 6. Nf3 Nc6 7. Be3
O-O-O 8. Nc3 Qf5 9. O-O h6 10. b4 e6 11. b5 Nb4 12. Rfc1 g5 13. a3 Nbd5 14.
Nd1 Be7 15. c4 Nxe3 16. Nxe3 Qe4 17. Ne5 Rhf8 18. c5 Qxd4 19. c6 b6 20. N3c4
Rd5 21. Rd1 Qe4 22. Qxe4 Nxe4 23. Rxd5 exd5 24. Ne3 d4 25. Nd5 Bd6 26. Nd7
Re8 27. f3 Nc5 28. N7f6 Re2 29. Rd1 Nb3 30. Ne4 Bxa3 31. Rd3 Rb2 32. Ne7+
Kd8 33. Nf5 Rb1+ 34. Kf2 Bf8 35. Nxd4 Nxd4 36. Rxd4+ Bd6 37. Nxd6 cxd6 38.
Rxd6+ Kc8 39. Rxh6 Rxb5 40. Rf6 Kc7 41. Kg3 a5 42. Rxf7+ Kxc6 43. Ra7 Rb4
44. Kf2 a4 45. g3 b5 46. Ke3 Rb3+ 47. Ke4 a3 48. f4 gxf4 49. gxf4 b4 50. f5
Rb2 51. f6 Kb6 52. Ra8 Kb7 53. Ra4 a2 54. f7 Rf2 55. Rxb4+ Kc6 56. Rc4+
{Black forfeits on time}
1-0

[Event "ICCopen2016"]
[Site "Internet Chess Club"]
[Date "2016.06.04"]
[Round "6"]
[White "arnav311004"]
[Black "RobbieWilliams"]
[Result "1-0"]
[ICCResult "Black forfeits on time"]
[WhiteElo "1559"]
[BlackElo "1783"]
[Opening "Alekhine's defense: Scandinavian variation"]
[ECO "B02"]
[NIC "AL.10"]
[Time "14:58:32"]
[TimeControl "180+0"]

1. e4 Nf6 2. Nc3 d5 3. e5 Ne4 4. d4 Nxc3 5. bxc3 c5 6. f4 Nc6 7. Nf3 Qa5 8.
Bd2 c4 9. Be2 Bf5 10. O-O Qa4 11. Rc1 Qxa2 12. Nh4 Be4 13. Bf3 Bxf3 14. Qxf3
e6 15. f5 Nd8 16. fxe6 fxe6 17. Bg5 Be7 18. Bxe7 Kxe7 19. Qg4 g6 20. Qg5+
Kd7 21. Qf6 Re8 22. Nf3 Qa3 23. Qh4 Qxc3 24. Qxh7+ Re7 25. Qxg6 b5 26. h4 a5
27. h5 Qe3+ 28. Kh1 Nc6 29. Rce1 Qf4 30. c3 Rh8 31. Nh2 Qh4 32. g4 b4 33.
Re3 bxc3 34. Kg2 Nxd4 35. Rh3 Qxg4+ 36. Nxg4 c2 37. Nf6+ Kc6 38. Rc3 Rf8 39.
Rxc2 Nf5 40. Qxf5 {Black forfeits on time} 1-0

[Event "ICCopen2016"]
[Site "Internet Chess Club"]
[Date "2016.06.04"]
[Round "6"]
[White "zloco"]
[Black "pagoda"]
[Result "0-1"]
[ICCResult "White checkmated"]
[WhiteElo "2332"]
[BlackElo "1903"]
[Opening "Queen's pawn game, Chigorin variation"]
[ECO "A04"]
[NIC "QP.11"]
[Time "14:59:02"]
[TimeControl "180+0"]

1. Nf3 Nc6 2. d4 d5 3. g3 Bf5 4. c4 e6 5. Bg2 Nf6 6. O-O a6 7. Nc3 Ne4 8.
Ne5 Nxc3 9. bxc3 Nxe5 10. dxe5 c6 11. cxd5 cxd5 12. c4 Be4 13. cxd5 Bxd5 14.
Bxd5 Qxd5 15. Rb1 b5 16. a4 b4 17. a5 Qxa5 18. Qc2 Qb5 19. Rd1 Bc5 20. Bb2
O-O 21. Bd4 Bxd4 22. Rxd4 a5 23. h4 Qxe5 24. Rc4 g6 25. e3 Rfb8 26. Rc5 Qd6
27. Rc6 Qd5 28. Rc5 Qd6 29. Rc6 Qf8 30. Rc4 a4 31. h5 b3 32. Qc3 Qg7 33. Qd3
b2 34. Rc3 Qxc3 35. Qxc3 a3 36. Qc7 a2 37. Rxb2 a1=Q+ 38. Kg2 Qxb2 39. h6
Qb7+ 40. Qxb7 Rxb7 41. g4 Ra2 42. g5 Rbb2 43. Kg3 Rxf2 44. e4 Rfc2 45. Kf4
Rc5 46. Kg4 Ra4 47. Kf4 e5+ 48. Ke3 Rc3+ 49. Kd2 Rb3 50. Kc2 Rh3 51. Kb2
Rxe4 52. Kc2 Rg4 53. Kd2 Rg2+ 54. Ke1 Rh1# {White checkmated} 0-1

[Event "ICCopen2016"]
[Site "Internet Chess Club"]
[Date "2016.06.04"]
[Round "6"]
[White "blackending"]
[Black "Colombiano07"]
[Result "0-1"]
[ICCResult "White forfeits on time"]
[WhiteElo "1687"]
[BlackElo "1937"]
[Opening "Robatsch (modern) defense"]
[ECO "A66"]
[NIC "KF.05"]
[Time "15:00:05"]
[TimeControl "180+0"]

1. e4 g6 2. d4 Bg7 3. c4 c5 4. d5 d6 5. Nc3 e6 6. f4 exd5 7. cxd5 Nf6 8. Bd3
O-O 9. h3 a6 10. a4 Re8 11. Nf3 Nbd7 12. O-O Rb8 13. Re1 Nh5 14. Bd2 Qf6 15.
e5 dxe5 16. fxe5 Nxe5 17. Nxe5 Rxe5 18. Rxe5 Qxe5 19. Be1 Nf4 20. Bf1 Qd4+
21. Qxd4 Bxd4+ 22. Kh1 Bf5 23. d6 Rd8 24. Bg3 Nd3 25. Bxd3 Bxd3 26. Rd1 Bc2
27. Rd2 Bxc3 28. bxc3 Bxa4 29. Be5 Bd7 30. Bf6 Rc8 31. Re2 Be6 32. Rd2 Bd7
33. Re2 Rc6 34. Be7 b5 35. Ra2 b4 36. cxb4 cxb4 37. Rb2 a5 38. Bd8 Rxd6 39.
Bxa5 Rd1+ 40. Kh2 Be6 41. Bxb4 Rd4 {White forfeits on time} 0-1

[Event "ICCopen2016"]
[Site "Internet Chess Club"]
[Date "2016.06.04"]
[Round "6"]
[White "MasterDanielX"]
[Black "PauldeRome"]
[Result "0-1"]
[ICCResult "White forfeits on time"]
[WhiteElo "1971"]
[BlackElo "1782"]
[Opening "Sicilian: Smith-Morra gambit"]
[ECO "B21"]
[NIC "SI.48"]
[Time "14:59:33"]
[TimeControl "180+0"]

1. e4 c5 2. d4 cxd4 3. c3 d5 4. e5 dxc3 5. Nxc3 e6 6. f4 Nc6 7. Nf3 Nge7 8.
Bd3 Ng6 9. O-O Be7 10. g3 O-O 11. h4 Re8 12. Be3 d4 13. Nxd4 Nxd4 14. Bxg6
hxg6 15. Qxd4 Qxd4 16. Bxd4 Bd7 17. Rad1 Bc6 18. Bf2 a6 19. Rd2 Red8 20.
Rfd1 Kf8 21. Ne2 Rxd2 22. Rxd2 Rc8 23. a3 Bd5 24. b4 Ke8 25. Be3 b5 26. Kf2
Bc4 27. Nd4 Bd5 28. Ne2 f6 29. Nd4 fxe5 30. fxe5 Kf7 31. Bg5 Bxg5 32. hxg5
Kg8 33. Ne2 Rf8+ 34. Nf4 Rc8 35. Ke3 Rc3+ 36. Rd3 Rc2 37. Nxg6 Kf7 38. Nf4
Ke7 39. Nxd5+ exd5 40. Rxd5 Ke6 41. Rd6+ Kxe5 42. Rxa6 Rc3+ 43. Kf2 Rc2+
{White forfeits on time}
0-1

[Event "ICCopen2016"]
[Site "Internet Chess Club"]
[Date "2016.06.04"]
[Round "6"]
[White "Kalmyk"]
[Black "Sibelephant"]
[Result "1-0"]
[ICCResult "Black resigns"]
[WhiteElo "3010"]
[BlackElo "3106"]
[Opening "Sicilian: Prins (Moscow) variation"]
[ECO "B55"]
[NIC "SI.01"]
[Time "14:59:47"]
[TimeControl "180+0"]

1. e4 c5 2. Nf3 d6 3. d4 cxd4 4. Nxd4 Nf6 5. f3 Nc6 6. Nc3 Qb6 7. Nb3 e6 8.
g4 a6 9. Qe2 Qc7 10. Be3 b5 11. O-O-O Nd7 12. Qf2 Nce5 13. Kb1 Rb8 14. g5
Nb6 15. f4 Ng4 16. Qg3 Nxe3 17. Qxe3 b4 18. Ne2 Nc4 19. Qf2 a5 20. Ng3 a4
21. Bxc4 Qxc4 22. Nd2 Qc6 23. Qd4 Ba6 24. Nh5 Rg8 25. Rhe1 Rc8 26. Qxb4
Qxc2+ 27. Ka1 d5 28. Qa5 Be2 29. Rb1 Bxh5 30. exd5 Bg4 31. Qb5+ Kd8 32. Ne4
Bf5 33. dxe6 Qc6 34. Qxf5 fxe6 35. Qf7 Be7 36. Red1+ Kc7 37. Rbc1 Kb8 38.
Rxc6 Rxc6 39. Qxg8+ {Black resigns} 1-0

[Event "ICCopen2016"]
[Site "Internet Chess Club"]
[Date "2016.06.04"]
[Round "6"]
[White "terry-song"]
[Black "PITCHUS"]
[Result "1/2-1/2"]
[ICCResult "Black ran out of time and White has no material to mate"]
[WhiteElo "2160"]
[BlackElo "1885"]
[Opening "Caro-Kann: exchange variation"]
[ECO "B13"]
[NIC "CK.02"]
[Time "14:59:43"]
[TimeControl "180+0"]

1. e4 c6 2. d4 d5 3. exd5 cxd5 4. Bd3 Nf6 5. c3 g6 6. Bf4 Nc6 7. Nf3 Bg7 8.
O-O O-O 9. Ne5 Bf5 10. Bxf5 gxf5 11. Qf3 Nxe5 12. dxe5 Ne4 13. Qh5 e6 14.
Bh6 Bxh6 15. Qxh6 Qg5 16. Qxg5+ Nxg5 17. f3 f6 18. Re1 fxe5 19. Rxe5 Kf7 20.
Nd2 Rg8 21. Rae1 Rae8 22. h4 Nh3+ 23. Kh2 Nf4 24. Rg1 Nd3 25. Re3 Nxb2 26.
Rb1 Nc4 27. Rxb7+ Kf6 28. Nxc4 dxc4 29. Rxa7 Re7 30. Rxe7 Kxe7 31. Re1 Ra8
32. Ra1 Ra3 33. Kg3 Rxc3 34. a4 Rb3 35. a5 Rb7 36. a6 Ra7 37. Kf4 Kd6 38.
Kg5 c3 39. Kh6 Kd5 40. Rc1 Kd4 41. Ra1 c2 42. g4 Rxa6 43. Rc1 Kd3 44. Kxh7
fxg4 45. fxg4 Ra4 46. Rg1 Kd2 47. g5 Rxh4+ 48. Kg6 c1=Q 49. Rxc1 Kxc1 50.
Kf6 Rg4 51. g6 e5 52. g7 e4 53. Kf5 Rxg7 54. Kxe4 Kd2 55. Kf5 Ke3 56. Kf6
Rg4 57. Ke6 Ke4 58. Kd6 Rg5 59. Kc6 Kd4 60. Kd6 Rg6+ 61. Ke7 Ke5 62. Kf7
Rf6+ 63. Ke7 Rf4 64. Kd7
{Black ran out of time and White has no material to mate}
1/2-1/2

[Event "ICCopen2016"]
[Site "Internet Chess Club"]
[Date "2016.06.04"]
[Round "6"]
[White "gannikus1992"]
[Black "Mormegil"]
[Result "1-0"]
[ICCResult "Black resigns"]
[WhiteElo "2198"]
[BlackElo "1626"]
[Opening "Réti: King's Indian attack (Barcza system)"]
[ECO "A07"]
[NIC "QP.09"]
[Time "15:01:18"]
[TimeControl "180+0"]

1. Nf3 d5 2. g3 c6 3. Bg2 Bg4 4. O-O e6 5. d4 Nf6 6. c4 Be7 7. Nbd2 O-O 8.
b3 dxc4 9. Nxc4 c5 10. Bb2 Nc6 11. dxc5 Bxc5 12. h3 Bxf3 13. Bxf3 Qc7 14. e3
Rad8 15. Qe2 Rd7 16. Rac1 Qb8 17. Bxc6 bxc6 18. Bxf6 gxf6 19. Qg4+ Kh8 20.
Qf3 Rg8 21. Qxf6+ Rg7 22. Ne5 Rd5 23. Nxf7+ Kg8 24. Nh6+ Kh8 25. Rc4 Bxe3
26. Nf7+ Kg8 27. Nh6+ Bxh6 28. Qxh6 Rdg5 29. Qxe6+ Kh8 30. Rxc6 Rxg3+ 31.
Kh1 R3g6 32. Rc8+ Rg8 33. Rxg8+ Rxg8 34. Qf6+ Rg7 35. Rg1 Qb7+ 36. Kh2 Qc7+
37. Rg3 h5 38. Qxg7+ Qxg7 39. Rxg7 Kxg7 40. Kg3 Kf6 41. Kh4 Kf5 42. Kxh5
{Black resigns}
1-0

[Event "ICCopen2016"]
[Site "Internet Chess Club"]
[Date "2016.06.04"]
[Round "6"]
[White "Parsifal"]
[Black "Sebs"]
[Result "1/2-1/2"]
[ICCResult "Game drawn by mutual agreement"]
[WhiteElo "2356"]
[BlackElo "2971"]
[Opening "French: Tarrasch, open variation"]
[ECO "C07"]
[NIC "FR.18"]
[Time "15:00:35"]
[TimeControl "180+0"]

1. e4 e6 2. d4 d5 3. Nd2 c5 4. Ngf3 cxd4 5. Nxd4 Nf6 6. e5 Nfd7 7. f4 Nc6 8.
c3 Nxd4 9. cxd4 Be7 10. Bd3 O-O 11. Nf3 Nb8 12. O-O Nc6 13. Be3 Qb6 14. Rf2
Bd7 15. Qe2 Rfc8 16. a3 Na5 17. Raf1 Nc4 18. Bc1 a6 19. g4 g6 20. f5 exf5
21. gxf5 Bxf5 22. Bxf5 gxf5 23. Kh1 Kh8 24. Ng5 Bxg5 25. Bxg5 Rc6 26. Rxf5
Qxd4 27. Rxf7 Qxe5 28. Bf6+ Rxf6 29. Qxe5 Nxe5 30. R7xf6 Nc4 31. Rf8+ Rxf8
32. Rxf8+ Kg7 33. Rb8 b5 34. Rd8 Nxb2 35. Rxd5 Nc4 36. a4 bxa4 37. Rc5 Nb2
38. Ra5 Kf6 39. Kg2 Ke6 40. Kf3 Kd6 41. Ke4 Kc6 42. Rxa6+ Kc5 43. Ra7 h6 44.
h4 Kc4 45. h5 Kb3 46. Rb7+ Kc3 47. Ra7 Kb3 48. Kf5 a3 49. Rb7+ Kc3 50. Ra7
Kb3 51. Rb7+ Kc3 52. Kg6 a2 53. Ra7 Kb3 54. Rxa2 Kxa2 55. Kxh6 Nc4 56. Kg7
Ne3 57. Kg6 Ng4 58. Kg5 Ne5 59. Kf5 Nf7 60. Kg6 Ne5+ 61. Kf5 Nf7 62. Kg6
Ne5+ 63. Kf6 Ng4+ 64. Kf5 {Game drawn by mutual agreement} 1/2-1/2

[Event "ICCopen2016"]
[Site "Internet Chess Club"]
[Date "2016.06.04"]
[Round "6"]
[White "FlashGordon"]
[Black "bennywins"]
[Result "0-1"]
[ICCResult "White forfeits on time"]
[WhiteElo "1349"]
[BlackElo "1244"]
[Opening "Scotch gambit"]
[ECO "C21"]
[NIC "KP.04"]
[Time "14:58:33"]
[TimeControl "180+0"]

1. e4 e5 2. d4 exd4 3. Bc4 Nc6 4. Nf3 Bc5 5. c3 dxc3 6. Bxf7+ Kxf7 7. Qd5+
Kf8 8. Qxc5+ d6 9. Qxc3 Qf6 10. O-O Qxc3 11. Nxc3 Nf6 12. h3 Be6 13. Bf4 Kf7
14. Ng5+ Ke7 15. Rfe1 h6 16. Nd5+ Kd7 17. Nxe6 Kxe6 18. Nxc7+ Kd7 19. Nxa8
Rxa8 20. Rad1 Nb4 21. Bxd6 Nxa2 22. e5 Ne8 23. Ba3+ Ke6 24. f4 a5 25. g4 Nb4
26. Rd6+ Nxd6 27. exd6+ Kxd6 28. f5 Kc6 29. Bxb4 axb4 30. Re6+ Kb5 31. Re7
b6 {White forfeits on time} 0-1

[Event "ICCopen2016"]
[Site "Internet Chess Club"]
[Date "2016.06.04"]
[Round "7"]
[White "Alright2015"]
[Black "Sc6"]
[Result "1-0"]
[ICCResult "Black resigns"]
[WhiteElo "2110"]
[BlackElo "1808"]
[Opening "English opening"]
[ECO "E61"]
[NIC "KI.76"]
[Time "15:08:44"]
[TimeControl "180+0"]

1. Nf3 Nf6 2. c4 g6 3. Nc3 Bg7 4. d4 d6 5. h3 O-O 6. Bf4 Nbd7 7. e3 c5 8.
Be2 Nh5 9. Bh2 cxd4 10. exd4 Qa5 11. a3 Re8 12. b4 Qc7 13. Qb3 a6 14. Rc1 b6
15. c5 bxc5 16. bxc5 Rb8 17. Qa4 Bb7 18. O-O dxc5 19. Bxc7 {Black resigns}
1-0

[Event "ICCopen2016"]
[Site "Internet Chess Club"]
[Date "2016.06.04"]
[Round "7"]
[White "AaronArrowood"]
[Black "mamu"]
[Result "1-0"]
[ICCResult "Black checkmated"]
[WhiteElo "1784"]
[BlackElo "1388"]
[Opening "Robatsch (modern) defense"]
[ECO "A40"]
[NIC "KF.05"]
[Time "15:08:43"]
[TimeControl "180+0"]

1. d4 g6 2. e4 Bg7 3. Nf3 e6 4. e5 Ne7 5. Bd3 O-O 6. Bf4 b6 7. Nc3 Bb7 8.
Qd2 d6 9. Bh6 Bxf3 10. gxf3 d5 11. h4 Nec6 12. h5 Nxd4 13. Qe3 c5 14. Bxg7
Kxg7 15. hxg6 fxg6 16. Qh6+ Kf7 17. Qxh7+ Ke8 18. Bxg6+ Rf7 19. Qxf7#
{Black checkmated}
1-0

[Event "ICCopen2016"]
[Site "Internet Chess Club"]
[Date "2016.06.04"]
[Round "7"]
[White "Imaneverwas"]
[Black "jbow79"]
[Result "1-0"]
[ICCResult "Black resigns"]
[WhiteElo "1723"]
[BlackElo "924"]
[Opening "English opening"]
[ECO "A10"]
[NIC "EO.64"]
[Time "15:08:44"]
[TimeControl "180+0"]

1. c4 d5 2. g3 dxc4 3. Bg2 c6 4. a4 e6 5. Nf3 Nf6 6. Qc2 Be7 7. Qxc4 O-O 8.
O-O Nbd7 9. Nc3 Nb6 10. Qb3 Nbd5 11. d4 Nxc3 12. bxc3 Nd5 13. e4 Nf6 14. Ne5
Qb6 15. Qc2 Bd6 16. Nc4 Qc7 17. Nxd6 Qxd6 18. e5 Qe7 19. Ba3 Qd8 20. exf6
{Black resigns}
1-0

[Event "ICCopen2016"]
[Site "Internet Chess Club"]
[Date "2016.06.04"]
[Round "7"]
[White "JavaChessMan"]
[Black "hhex"]
[Result "1-0"]
[ICCResult "Black resigns"]
[WhiteElo "1894"]
[BlackElo "1624"]
[Opening "Sicilian: Kan, 5.Nc3"]
[ECO "B43"]
[NIC "SI.41"]
[Time "15:08:41"]
[TimeControl "180+0"]

1. e4 c5 2. Nf3 e6 3. d4 cxd4 4. Nxd4 a6 5. Nc3 Qc7 6. Be3 Nf6 7. Bd3 Bb4 8.
Ne2 d5 9. exd5 Nxd5 10. O-O Nxe3 11. fxe3 O-O 12. Ne4 Nd7 13. c3 Be7 14. Nd4
Ne5 15. Bc2 Ng6 16. Qh5 Qe5 17. Qh3 Bd7 18. Nf3 Qc7 19. Neg5 Bxg5 20. Nxg5
h6 21. Nxf7 Rxf7 22. Bxg6 Rf2 23. Rxf2 {Black resigns} 1-0

[Event "ICCopen2016"]
[Site "Internet Chess Club"]
[Date "2016.06.04"]
[Round "7"]
[White "Nostradamus"]
[Black "waynerooney"]
[Result "1-0"]
[ICCResult "Black resigns"]
[WhiteElo "2421"]
[BlackElo "1946"]
[Opening "Three knights game"]
[ECO "C46"]
[NIC "KP.06"]
[Time "15:09:10"]
[TimeControl "180+0"]

1. e4 e5 2. Nf3 Nc6 3. Nc3 d6 4. d4 exd4 5. Nxd4 Bd7 6. Bb5 Nf6 7. Bxc6 bxc6
8. Qf3 Be7 9. e5 dxe5 10. Nxc6 Bxc6 11. Qxc6+ Kf8 12. Be3 g6 13. Rd1 Qc8 14.
Bh6+ Kg8 15. h3 Bf8 16. Bxf8 Kxf8 17. Qxf6 Qb7 18. Qxh8+ {Black resigns} 1-0

[Event "ICCopen2016"]
[Site "Internet Chess Club"]
[Date "2016.06.04"]
[Round "7"]
[White "tangent"]
[Black "Ajolote"]
[Result "1-0"]
[ICCResult "Black resigns"]
[WhiteElo "1946"]
[BlackElo "1507"]
[Opening "Catalan opening"]
[ECO "E00"]
[NIC "CA.01"]
[Time "15:08:43"]
[TimeControl "180+0"]

1. d4 Nf6 2. c4 e6 3. g3 Bb4+ 4. Bd2 Bxd2+ 5. Qxd2 d6 6. Bg2 Nbd7 7. e3 O-O
8. Ne2 c5 9. Nbc3 Qc7 10. b3 a6 11. Rc1 Rb8 12. O-O b6 13. e4 Bb7 14. f4
cxd4 15. Qxd4 Rfd8 16. Rfd1 Nc5 17. b4 Ncd7 18. Qxd6 Qxc4 19. Rd4 Qc6 20.
Qxc6 Bxc6 21. e5 Bxg2 22. Kxg2 Nf8 23. exf6 Rxd4 24. Nxd4 gxf6 25. Nc6 Rc8
26. Ne7+ {Black resigns} 1-0

[Event "ICCopen2016"]
[Site "Internet Chess Club"]
[Date "2016.06.04"]
[Round "7"]
[White "geemurfi"]
[Black "Svinotigr"]
[Result "1-0"]
[ICCResult "Black resigns"]
[WhiteElo "1848"]
[BlackElo "1640"]
[Opening "King's pawn opening"]
[ECO "B07"]
[NIC "VO.17"]
[Time "15:09:59"]
[TimeControl "180+0"]

1. e4 d6 2. d4 Nd7 3. Nc3 e5 4. f4 Qe7 5. Nf3 c6 6. d5 c5 7. fxe5 dxe5 8.
Bg5 Ngf6 9. Nb5 Nb6 10. d6 Qd8 11. Nxe5 {Black resigns} 1-0

[Event "ICCopen2016"]
[Site "Internet Chess Club"]
[Date "2016.06.04"]
[Round "7"]
[White "blackjack721"]
[Black "Jemm"]
[Result "1-0"]
[ICCResult "Black checkmated"]
[WhiteElo "1424"]
[BlackElo "1201"]
[Opening "King's pawn game"]
[ECO "C50"]
[NIC "IG.03"]
[Time "15:09:25"]
[TimeControl "180+0"]

1. e4 e5 2. Nf3 Nc6 3. Bc4 d6 4. c3 Be7 5. d3 Nf6 6. h3 O-O 7. Be3 a6 8.
Nbd2 Na5 9. Bb3 Nxb3 10. axb3 c6 11. d4 exd4 12. cxd4 Qc7 13. O-O Bd8 14.
Ng5 Be6 15. e5 Nd5 16. exd6 Qxd6 17. Qc2 Nxe3 18. Qxh7# {Black checkmated}
1-0

[Event "ICCopen2016"]
[Site "Internet Chess Club"]
[Date "2016.06.04"]
[Round "7"]
[White "pawelwaw"]
[Black "zealous"]
[Result "0-1"]
[ICCResult "White resigns"]
[WhiteElo "1555"]
[BlackElo "1781"]
[Opening "Sicilian: accelerated fianchetto, modern variation with Bc4"]
[ECO "B35"]
[NIC "SI.33"]
[Time "15:10:26"]
[TimeControl "180+0"]

1. e4 c5 2. Nf3 Nc6 3. d4 cxd4 4. Nxd4 g6 5. Nc3 Bg7 6. Be3 Nf6 7. Bc4 O-O
8. f3 Qb6 9. Na4 Qb4+ 10. Nc3 Qxc4 {White resigns} 0-1

[Event "ICCopen2016"]
[Site "Internet Chess Club"]
[Date "2016.06.04"]
[Round "7"]
[White "Optikk"]
[Black "kofigan"]
[Result "1-0"]
[ICCResult "Black resigns"]
[WhiteElo "1544"]
[BlackElo "1157"]
[Opening "Queen's pawn game"]
[ECO "A45"]
[NIC "QP.07"]
[Time "15:09:17"]
[TimeControl "180+0"]

1. d4 Nf6 2. Nc3 e6 3. e4 d6 4. f4 Be7 5. Nf3 O-O 6. Bd3 b6 7. O-O Bb7 8.
Qe1 c5 9. e5 Nd5 10. Ne4 Nb4 11. exd6 Bxd6 12. Nxd6 Qxd6 13. dxc5 Qxc5+ 14.
Be3 Qe7 15. Bxh7+ Kxh7 16. Ng5+ Kg8 17. Qh4 Rd8 18. Qh7+ {Black resigns} 1-0

[Event "ICCopen2016"]
[Site "Internet Chess Club"]
[Date "2016.06.04"]
[Round "7"]
[White "minke"]
[Black "MasterZachary"]
[Result "0-1"]
[ICCResult "White resigns"]
[WhiteElo "1794"]
[BlackElo "2142"]
[Opening "Ruy Lopez: modern Steinitz defense"]
[ECO "C74"]
[NIC "RL.11"]
[Time "15:08:43"]
[TimeControl "180+0"]

1. e4 e5 2. Nf3 Nc6 3. Bb5 a6 4. Ba4 d6 5. c3 Nf6 6. d4 b5 7. Bb3 Bg4 8. d5
Ne7 9. Nbd2 Ng6 10. h3 Bd7 11. Nf1 c6 12. Ng3 cxd5 13. exd5 a5 14. O-O a4
15. Bc2 Be7 16. Re1 O-O 17. Ne4 Nxe4 18. Bxe4 f5 19. Bc2 Rc8 20. Be3 e4 21.
Bf4 Nxf4 22. Nd4 Bf6 23. Ne2 Nxe2+ 24. Qxe2 Be5 25. Rad1 Rc4 26. Qe3 f4 27.
Qb6 Qxb6 {White resigns} 0-1

[Event "ICCopen2016"]
[Site "Internet Chess Club"]
[Date "2016.06.04"]
[Round "7"]
[White "eternalwarrior"]
[Black "bythebook"]
[Result "0-1"]
[ICCResult "White resigns"]
[WhiteElo "1402"]
[BlackElo "1745"]
[Opening "Caro-Kann: Panov-Botvinnik attack"]
[ECO "B13"]
[NIC "CK.03"]
[Time "15:10:21"]
[TimeControl "180+0"]

1. e4 c6 2. d4 d5 3. exd5 cxd5 4. c4 Nf6 5. Nc3 Nc6 6. Nf3 Be6 7. c5 g6 8.
Bf4 Bg7 9. Bb5 O-O 10. O-O Ne4 11. Re1 Bf5 12. a3 Rc8 13. b4 Nxc3
{White resigns}
0-1

[Event "ICCopen2016"]
[Site "Internet Chess Club"]
[Date "2016.06.04"]
[Round "7"]
[White "rovov"]
[Black "Xadrez47"]
[Result "1-0"]
[ICCResult "Black resigns"]
[WhiteElo "1751"]
[BlackElo "1487"]
[Opening "English opening"]
[ECO "A05"]
[NIC "QP.11"]
[Time "15:09:17"]
[TimeControl "180+0"]

1. Nf3 Nf6 2. c4 Nc6 3. d4 d5 4. cxd5 Nxd5 5. Nc3 e6 6. e4 Nxc3 7. bxc3 Be7
8. Be3 O-O 9. Bd3 h6 10. O-O Bg5 11. Nxg5 hxg5 12. Qh5 Ne7 13. Bxg5 Qd7 14.
f4 Ng6 15. Rf3 f6 16. Qxg6 fxg5 17. e5 c5 18. Qh7+ Kf7 19. fxg5+ Ke7 20.
Qxg7+ Kd8 21. Rxf8+ Kc7 22. Rf7 {Black resigns} 1-0

[Event "ICCopen2016"]
[Site "Internet Chess Club"]
[Date "2016.06.04"]
[Round "7"]
[White "BlueGoose"]
[Black "chapeau"]
[Result "1-0"]
[ICCResult "Black checkmated"]
[WhiteElo "1680"]
[BlackElo "1347"]
[Opening "QGD: 3.Nc3"]
[ECO "D31"]
[NIC "QP.08"]
[Time "15:09:59"]
[TimeControl "180+0"]

1. d4 d5 2. c4 e6 3. Nc3 dxc4 4. e3 Nf6 5. Bxc4 Bd6 6. f4 O-O 7. Nge2 c6 8.
e4 Nfd7 9. e5 Bb4 10. O-O Nb6 11. Bb3 Nd5 12. Qd3 Be7 13. Ng3 Qb6 14. Kh1
Nd7 15. f5 exf5 16. Nxf5 Bd8 17. Qg3 Bc7 18. Qxg7# {Black checkmated} 1-0

[Event "ICCopen2016"]
[Site "Internet Chess Club"]
[Date "2016.06.04"]
[Round "7"]
[White "cstefan"]
[Black "ChessGeek"]
[Result "1-0"]
[ICCResult "Black resigns"]
[WhiteElo "2002"]
[BlackElo "1740"]
[Opening "Scandinavian defense"]
[ECO "B01"]
[NIC "SD.03"]
[Time "15:10:36"]
[TimeControl "180+0"]

1. e4 d5 2. exd5 Nf6 3. Nc3 Nxd5 4. Bc4 Nb6 5. Bb3 c5 6. d3 Nc6 7. Nf3 g6 8.
O-O Bg7 9. h3 O-O 10. Re1 Na5 11. Bg5 Bf6 12. Bxf6 exf6 13. Ne4 Nxb3 14.
axb3 f5 15. Nxc5 Qd4 16. Nxd4 {Black resigns} 1-0